 Dungeon Crawl Stone Soup version 0.22-a0-354-g30dfbe6 (webtiles) character file.

82230 Kairos the Blocker (level 15, -8/89 HPs)
             Began as a Vine Stalker Fighter on Apr 16, 2018.
             Was the Champion of Okawaru.
             Killed from afar by a thorn hunter (16 damage)
             ... with a volley of thorns
             ... on level 4 of the Swamp.
             The game lasted 01:20:12 (21431 turns).

Kairos the Blocker (Vine Stalker Fighter)          Turns: 21431, Time: 01:20:14

Health: -8/89      AC: 34    Str: 29    XL:     15   Next: 73%
Magic:  0/17       EV: 15    Int: 14    God:    Okawaru [******]
Gold:   1777       SH: 16    Dex: 18    Spells: 14/14 levels left

rFire    + . .     SeeInvis +   d - +2 demon whip (drain)
rCold    . . .     Gourm    .   E - +0 shield of New Discoveries {rF+ Int+2 Stlth+}
rNeg     . . .     Faith    .   Y - +5 plate armour of Ruiguh {Dex+2}
rPois    +         Spirit   +   W - +1 hat {SInv}
rElec    +         Reflect  .   t - +2 cloak {rPois}
rCorr    .         Harm     .   u - +2 pair of gloves {Str+3}
MR       +....                  (no boots)
Stlth    +.........             g - amulet of magic regeneration
HPRegen  1.04/turn              M - +5 ring of strength
MPRegen  0.40/turn              x - +4 ring of protection

@: heroism
A: claws 1, fangs 3, regeneration 2, robust 1, screaming 1, electricity
resistance, strong 1, magic shield, antimagic bite, no potion heal 3, rot
immunity
a: Heroism, Finesse, Renounce Religion


You were on level 4 of the Swamp.
You worshipped Okawaru.
Okawaru was exalted by your worship.
You were very hungry.

You visited 4 branches of the dungeon, and saw 22 of its levels.
You also visited: Bailey.

You collected 1777 gold pieces.

Inventory:

Hand Weapons
 c - the +10 executioner's axe of the Sneaky Lovers {flame, +Blink rElec MR+}
   (Okawaru gifted it to you on level 6 of the Lair of Beasts)

   It has been specially enchanted to burn those struck by it, causing extra
   injury to most foes and up to half again as much damage against particularly
   susceptible opponents.
   Big, fiery blades are also staple armaments of hydra-hunters.
   It insulates you from electricity.
   It affects your resistance to hostile enchantments.
   It lets you blink.
 d - a +2 demon whip of draining (weapon)
 s - the +3 morningstar "Hent" {elec, rF+ rN+ MR+ Str-3}
   (You acquired it on level 6 of the Lair of Beasts)

   Occasionally, upon striking a foe, it will discharge some electrical energy
   and cause terrible harm.
   It affects your strength (-3).
   It protects you from fire.
   It protects you from negative energy.
   It affects your resistance to hostile enchantments.
 z - the +7 hand crossbow of Ranuh {penet, Dex+3}
   (You found it on level 1 of the Lair of Beasts)

   Ammo fired by it will pass through the targets it hits, potentially hitting
   all targets in its path until it reaches maximum range.
   It affects your dexterity (+3).
 F - a +0 hunting sling of freezing
 U - the +8 storm bow {elec}
   (Okawaru gifted it to you on level 3 of the Swamp)

   It charges the ammunition it shoots with electricity; occasionally upon a
   hit, such missiles may discharge and cause terrible harm.
Missiles
 a - 39 tomahawks of returning (quivered)
Armour
 e - the +1 chain mail of the Storm King {+Inv rPois Dex+4}
   (Okawaru gifted it to you on level 1 of the Swamp)

   It affects your dexterity (+4).
   It protects you from poison.
   It lets you turn invisible.
 t - a +2 cloak of poison resistance (worn)
 u - a +2 pair of gloves of strength (worn)
 E - the +0 shield of New Discoveries (worn) {rF+ Int+2 Stlth+}
   (You found it on level 6 of the Dungeon)

   It affects your intelligence (+2).
   It protects you from fire.
   It makes you more stealthy.
 W - a +1 hat of see invisible (worn)
 Y - the +5 plate armour of Ruiguh (worn) {Dex+2}
   (You found it on level 9 of the Dungeon)

   It affects your dexterity (+2).
Jewellery
 g - an amulet of magic regeneration (around neck)
 m - an uncursed ring of protection from fire
 x - a +4 ring of protection (right hand)
 M - a +5 ring of strength (left hand)
 N - an uncursed ring of protection from magic
 V - an uncursed ring of protection from cold
 X - an uncursed ring of positive energy
Wands
 I - a wand of disintegration (17)
 O - a wand of paralysis (28)
 P - a wand of acid (8)
 T - a wand of iceblast (8)
Scrolls
 b - 4 scrolls of blinking
 h - 12 scrolls of teleportation
 k - 3 scrolls of fear
 p - 2 scrolls of magic mapping
 q - 6 scrolls of remove curse
 y - 3 scrolls of identify
 A - a scroll of brand weapon {unknown}
 D - a scroll of enchant armour
 G - a scroll of random uselessness {unknown}
 H - 3 scrolls of fog
 J - 5 scrolls of enchant weapon {unknown}
 L - a scroll of summoning {unknown}
 R - 2 scrolls of torment {unknown}
Potions
 i - 4 potions of lignification
 j - a potion of experience {unknown}
 l - 3 potions of flight
 n - 3 potions of berserk rage {unknown}
 o - 14 potions of curing
 r - 6 potions of brilliance
 v - 4 potions of agility {unknown}
 w - a potion of magic {unknown}
 B - a potion of cancellation {unknown}
 C - 2 potions of mutation
 K - 2 potions of resistance {unknown}
 Q - a potion of might
 S - 8 potions of degeneration {unknown}
Miscellaneous
 Z - a lightning rod (4/4)
Comestibles
 f - 36 rations


   Skills:
 + Level 10.5(15.5) Fighting
 - Level 10.7(17.7) Axes
 - Level 11.4(18.0) Maces & Flails
 + Level 10.8(15.8) Armour
 + Level 5.1(10.1) Dodging
 + Level 4.1(9.1) Stealth
 + Level 11.9(16.9) Shields
 + Level 2.1 Invocations
 + Level 0.8 Evocations


You had 14 spell levels left.
You didn't know any spells.

Dungeon Overview and Level Annotations

Branches:
Dungeon (11/15)            Temple (1/1) D:7            Lair (6/6) D:10
  Swamp (4/4) Lair:2        Snake (0/4) Lair:3        Slime (0/5) Lair:6
    Orc: D:9-12

Altars:
Ashenzari
Elyvilon
Fedhas
Gozag
Hepliaklqana
Nemelex Xobeh
Okawaru
Qazlal
Ru
Sif Muna
Uskayaw
Vehumet
Wu Jian
Yredelemnul
The Shining One
Jiyva

Shops:
D:6 [   D:8 (

Annotations:
D:10 PeterMcNeter's ghost, journeyman DrTm


Innate Abilities, Weirdness & Mutations

You have razor-sharp teeth.
You heal very quickly.
When hurt, damage is shared between your health and your magic reserves.
Your bite disrupts and absorbs the magic of your enemies.
Potions cannot restore your health.
You are immune to rotting.
You have sharp fingernails.
You are robust. (+10% HP)
You occasionally shout uncontrollably at your foes.
You are resistant to electric shocks. (rElec)
Your muscles are strong. (Str +2)


Message History

The briar patch crumbles away. x2
The thorn hunter gestures.
Thorny briars emerge from the ground!
A bog body comes into view.
The briar patch crumbles away.
The thorn hunter hits the briar patch!
The briar patch is destroyed!
The briar patch crumbles away. x2
The briar patch crumbles away. x2
The thorn hunter fires a volley of thorns at you.
The volley of thorns hits you!
You enter the shallow water.
Moving in this stuff is going to be slow.
The briar patch crumbles away. x4
The briar patch crumbles away. x4
The thorn hunter fires a volley of thorns at you.
The volley of thorns hits you!
* * * LOW HITPOINT WARNING * * *
The thorn hunter fires a volley of thorns at you.
The volley of thorns hits you!
You die...

..≈.♣ ♣≈≈≈♣♣♣♣♣♣♣♣
≈≈≈≈≈♣♣♣♣.§≈..♣...≈♣
≈≈≈≈≈≈.≈.≈≈≈≈...≈≈♣
≈§≈≈≈≈≈≈≈≈≈≈≈..≈≈≈♣♣
≈≈≈≈≈≈≈≈≈≈≈≈≈≈.§≈≈.♣♣♣♣♣♣
≈≈≈≈≈≈≈≈≈≈≈≈§≈♣♣(P..PP♣≈♣
§≈.≈≈≈...≈≈≈.♣♣♣P.≈≈PP.≈♣♣♣♣♣
♣♣♣...≈≈....♣≈♣≈.≈≈.PP≈.♣♣..♣
♣≈[.≈≈≈...§≈..<@P≈n.n≈≈.♣≈≈♣
♣...≈≈≈≈..≈.≈.≈≈≈f.♣♣≈≈..)♣♣
♣≈≈....≈≈≈.≈≈≈≈♣≈♣♣♣♣♣♣≈≈≈≈.♣♣♣
♣≈≈≈≈.≈♣♣.≈≈..♣♣♣♣ ♣♣.≈≈≈≈.♣♣
.≈≈≈≈.≈≈.≈≈≈♣♣♣ ♣♣≈≈n≈PP♣♣
≈≈≈≈≈.......≈ ♣≈P≈≈≈≈≈((
≈...≈.≈♣♣♣.≈≈ ♣.≈PP...≈≈≈ .§≈.
♣♣♣. ♣≈≈≈≈♣♣≈≈≈≈ ≈≈≈ ≈
♣≈≈≈♣♣♣....


You could see a thorn hunter and 2 bog bodies.

Vanquished Creatures
  Rupert (Lair:3)
  Frances (Swamp:1)
  2 thorn hunters
  An orc warlord (Bailey)
  A very ugly thing (Swamp:2)
  The ghost of Kairos the Cruncher, a journeyman VSFi of Okawaru (Swamp:3)
  Nessos (Lair:6)
  3 ghost crabs
  14 hydras
  A catoblepas (Lair:6)
  A two-headed ogre (D:10)
  8 alligators
  7 death yaks
  A deep troll shaman (Lair:6)
  2 shambling mangroves
  4 swamp dragons
  2 lindwurms (Lair:6)
  5 ugly things
  8 elephants
  2 rust devils (D:9)
  8 black mambas
  Joseph (D:7)
  14 spiny frogs
  3 rime drakes
  6 komodo dragons
  4 polar bears
  A troll (D:5)
  13 tyrant leeches
  7 hornets
  14 blink frogs
  6 hippogriffs
  12 slime creatures
  3 bog bodies
  The ghost of 4thArraOfDagon the Firebug, an amateur OpFE (D:6)
  29 yaks
  A shadow (Swamp:4)
  Sigmund (D:3)
  5 spriggans
  A wyvern (D:9)
  Eustachio (D:4)
  Grum (D:8)
  5 basilisks
  A hungry ghost (D:10)
  14 swamp worms
  4 nagas (Lair:3)
  9 vampire mosquitoes
  The ghost of Pikaro the Chiller, an amateur BaIE (D:3)
  5 porcupines
  10 water moccasins
  7 swamp drakes
  8 orc warriors
  An ice beast (D:6)
  A necrophage (D:7)
  6 ogres
  An eye of draining (D:9)
  A black bear (Lair:6)
  12 wolves
  4 centaurs
  4 crocodiles
  2 big kobolds
  9 bullfrogs
  2 scorpions
  A water moccasin skeleton (D:9)
  5 killer bees
  8 wights
  10 electric eels
  3 howler monkeys
  4 crimson imps
  A centaur zombie (D:7)
  A bullfrog skeleton (D:10)
  5 hounds
  2 jellies
  Crazy Yiuf (D:3)
  6 orc priests
  3 centaur skeletons
  3 iguanas
  10 worker ants
  Ijyb (D:4)
  14 orc wizards
  A worker ant zombie (D:5)
  4 gnolls
  14 adders
  A shadow imp (D:9)
  2 adder skeletons
  3 worms
  10 dart slugs
  9 leopard geckos
  26 orcs
  2 ball pythons
  6 giant cockroaches
  7 goblins
  9 hobgoblins
  20 jackals
  7 quokkas
  8 bats
  14 frilled lizards
  23 kobolds
  A leopard gecko skeleton (D:5)
  8 rats
  A plant (Lair:6)
  A toadstool (D:1)
560 creatures vanquished.

Vanquished Creatures (collateral kills)
  An orc (D:7)
1 creature vanquished.

Vanquished Creatures (others)
  An alligator (Swamp:2)
  6 briar patches (Swamp:4)
  8 fungi
  6 plants
  3 toadstools (D:1)
24 creatures vanquished.

Grand Total: 585 creatures vanquished

Notes
Turn   | Place    | Note
-------+----------+-------------------------------------------
     0 | D:1      | Kairos the Vine Stalker Fighter began the quest for the Orb.
     0 | D:1      | Reached XP level 1. HP: 11/11 MP: 2/2
    43 | D:1      | Reached XP level 2. HP: 9/16 MP: 3/3
   329 | D:1      | Reached XP level 3. HP: 9/19 MP: 0/4
  1313 | D:2      | Found a stormy altar of Qazlal.
  1327 | D:2      | Found a blossoming altar of Fedhas.
  1328 | D:2      | Found a radiant altar of Vehumet.
  1329 | D:2      | Found a hide-covered altar of Uskayaw.
  1329 | D:2      | Found a deep blue altar of Sif Muna.
  1330 | D:2      | Found a white marble altar of Elyvilon.
  1391 | D:2      | Gained mutation: Your natural rate of healing is unusually fast. [Vine Stalker growth]
  1391 | D:2      | Reached XP level 4. HP: 24/24 MP: 5/5
  1777 | D:3      | Noticed Pikaro's ghost (amateur BaIE)
  1841 | D:3      | Killed Pikaro's ghost
  1841 | D:3      | Reached skill level 1 in Dodging
  1841 | D:3      | Reached XP level 5. HP: 23/28 MP: 6/6
  2058 | D:3      | Noticed Sigmund
  2103 | D:2      | Gained mutation: Scrolls take you a little longer to read. [potion of mutation]
  2103 | D:2      | Gained mutation: You can translocate small distances at will. [potion of mutation]
  2103 | D:2      | Gained mutation: You have sharp fingernails. [potion of mutation]
  2129 | D:3      | Killed Sigmund
  2129 | D:3      | Reached XP level 6. HP: 6/32 MP: 4/7
  2437 | D:3      | Found a runed door.
  2814 | D:3      | Noticed Crazy Yiuf
  2819 | D:3      | Killed Crazy Yiuf
  2819 | D:3      | Reached XP level 7. HP: 27/36 MP: 6/8
  2958 | D:4      | Noticed Ijyb
  2977 | D:4      | Killed Ijyb
  3056 | D:4      | Noticed Eustachio
  3135 | D:4      | Killed Eustachio
  3135 | D:4      | Reached skill level 5 in Axes
  3415 | D:4      | Gained mutation: You have razor-sharp teeth. [Vine Stalker growth]
  3415 | D:4      | Reached XP level 8. HP: 40/42 MP: 9/9
  3513 | D:5      | Entered Level 5 of the Dungeon
  3793 | D:5      | Noticed a troll
  3799 | D:5      | Killed a troll
  4079 | D:5      | Reached skill level 1 in Stealth
  4420 | D:6      | Reached skill level 5 in Shields
  4420 | D:6      | Reached XP level 9. HP: 46/46 MP: 10/10
  4510 | D:6      | Found Wuukhuej's Armour Boutique.
  4618 | D:6      | Noticed 4thArraOfDagon's ghost (amateur OpFE)
  4641 | D:6      | Killed 4thArraOfDagon's ghost
  4664 | D:6      | Got a blackened shield
  4675 | D:6      | Identified the cursed +0 shield of New Discoveries {rF+ Int+2 Stlth+} (You found it on level 6 of the Dungeon)
  5510 | D:7      | Found a flagged portal.
  5621 | D:7      | Found a staircase to the Ecumenical Temple.
  5624 | Temple   | Entered the Ecumenical Temple
  5712 | D:7      | Noticed Joseph
  5716 | D:7      | Reached skill level 5 in Fighting
  5725 | D:7      | Reached skill level 5 in Armour
  5734 | D:7      | Killed Joseph
  5737 | D:7      | Reached XP level 10. HP: 15/51 MP: 11/11
  5800 | Bailey   | Entered a bailey
  5809 | Bailey   | Noticed an orc warlord
  6049 | Bailey   | Found a runed gate.
  6051 | Bailey   | Found a runed gate.
  6053 | Bailey   | Found a runed gate.
  6153 | Bailey   | Lost mutation: Scrolls take you a little longer to read. [potion of mutation]
  6153 | Bailey   | Lost mutation: You can translocate small distances at will. [potion of mutation]
  6153 | Bailey   | Gained mutation: You are robust. (+10% HP) [potion of mutation]
  6153 | Bailey   | Gained mutation: Your muscles are strong. (Str +2) [potion of mutation]
  6153 | Bailey   | Gained mutation: You occasionally shout uncontrollably at your foes. [potion of mutation]
  6153 | Bailey   | Gained mutation: You are resistant to electric shocks. (rElec) [potion of mutation]
  6186 | Bailey   | Killed an orc warlord
  7048 | Temple   | Became a worshipper of Warmaster Okawaru
  7556 | D:8      | Noticed Grum
  7587 | D:8      | Killed Grum
  7587 | D:8      | Reached skill level 10 in Axes
  7837 | D:8      | Found Isikhloe's Weapon Boutique.
  7930 | D:8      | You fall through a shaft for 3 floors!
  7930 | D:11     | Noticed a gargoyle
  7948 | D:11     | Found a stormy altar of Qazlal.
  7965 | D:10     | Entered Level 10 of the Dungeon
  7966 | D:10     | Reached * piety under Okawaru
  8033 | D:9      | Found a basalt altar of Yredelemnul.
  8166 | D:9      | Reached XP level 11. HP: 57/61 MP: 10/12
  8569 | D:9      | Found a sacrificial altar of Ru.
  8602 | D:9      | Noticed a red ugly thing
  8615 | D:9      | Killed a red ugly thing
  9524 | D:10     | Reached ** piety under Okawaru
  9529 | D:10     | Noticed a two-headed ogre
  9541 | D:10     | Killed a two-headed ogre
  9802 | D:10     | Found a staircase to the Lair.
 10074 | D:10     | Noticed PeterMcNeter's ghost (journeyman DrTm)
 11001 | D:10     | Noticed a purple ugly thing
 11022 | D:10     | Killed a purple ugly thing
 11022 | D:10     | Reached *** piety under Okawaru
 11022 | D:10     | Reached skill level 1 in Maces & Flails
 11035 | D:10     | Found an opulent altar of Gozag.
 11367 | D:10     | Identified 3 scrolls of acquirement
 11725 | D:9      | Got a dazzling plate armour
 11736 | D:9      | Identified the +5 plate armour of Ruiguh {Dex+2} (You found it on level 9 of the Dungeon)
 11798 | Lair:1   | Entered Level 1 of the Lair of Beasts
 12055 | Lair:1   | Reached **** piety under Okawaru
 12055 | Lair:1   | Gained mutation: You heal very quickly. [Vine Stalker growth]
 12055 | Lair:1   | Reached XP level 12. HP: 32/69 MP: 13/13
 12238 | Lair:1   | Noticed an eight-headed hydra
 12247 | Lair:1   | Killed an eight-headed hydra
 12383 | Lair:1   | Got an ichor-stained hand crossbow
 13125 | Lair:2   | Found a staircase to the Swamp.
 13206 | Lair:2   | Noticed a six-headed hydra
 13212 | Lair:2   | Killed a six-headed hydra
 13212 | Lair:2   | Reached skill level 5 in Maces & Flails
 13552 | Lair:2   | Identified the +7 hand crossbow of Ranuh {penet, Dex+3} (You found it on level 1 of the Lair of Beasts)
 13831 | Lair:3   | Noticed Rupert
 13968 | Lair:3   | Reached ***** piety under Okawaru
 14064 | Lair:3   | Found a staircase to the Snake Pit.
 14741 | Lair:3   | Killed Rupert
 14741 | Lair:3   | Reached skill level 1 in Invocations
 14775 | Lair:4   | Noticed a seven-headed hydra
 14783 | Lair:4   | Killed a seven-headed hydra
 14801 | Lair:4   | Noticed a death yak
 14859 | Lair:4   | Noticed a death yak
 14861 | Lair:4   | Noticed a death yak
 14861 | Lair:4   | Noticed a death yak
 14869 | Lair:3   | Killed a death yak
 14869 | Lair:3   | Reached XP level 13. HP: 72/73 MP: 14/14
 15024 | Lair:4   | Received a gift from Okawaru
 15027 | Lair:4   | Got a pair of spiked gloves {god gift}
 15033 | Lair:4   | Identified the +2 pair of gloves "Ufe Saih" {-Tele Int+7} (Okawaru gifted it to you on level 4 of the Lair of Beasts)
 16116 | Lair:5   | Found an ornate altar of the Wu Jian Council.
 16584 | Lair:6   | Entered Level 6 of the Lair of Beasts
 16651 | Lair:6   | Noticed Nessos
 16704 | Lair:6   | Killed Nessos
 16704 | Lair:6   | Received a gift from Okawaru
 16712 | Lair:6   | Got a faintly glowing executioner's axe {god gift}
 16718 | Lair:6   | Identified the +10 executioner's axe of the Sneaky Lovers {flame, +Blink rElec MR+} (Okawaru gifted it to you on level 6 of the Lair of Beasts)
 16901 | Lair:6   | Reached XP level 14. HP: 70/81 MP: 16/16
 16992 | Lair:6   | Reached skill level 10 in Maces & Flails
 17120 | Lair:6   | Found a staircase to the Slime Pits.
 17121 | Lair:6   | Found a viscous altar of Jiyva.
 17322 | Lair:6   | Reached skill level 10 in Shields
 17360 | Lair:6   | Received a gift from Okawaru
 17743 | Lair:6   | Found the cursed +13 scythe of Curses {drain, *Curse}
 17775 | Lair:6   | Got a fine morningstar
 17778 | Lair:6   | Identified the +3 morningstar "Hent" {elec, rF+ rN+ MR+ Str-3} (You acquired it on level 6 of the Lair of Beasts)
 18129 | Swamp:1  | Entered Level 1 of the Swamp
 18157 | Swamp:1  | Noticed a thorn hunter
 18189 | Swamp:1  | Killed a thorn hunter
 18519 | Swamp:1  | Reached ****** piety under Okawaru
 18521 | Swamp:1  | Received a gift from Okawaru
 18524 | Swamp:1  | Got a faintly glowing chain mail {god gift}
 18535 | Swamp:1  | Identified the +1 chain mail of the Storm King {+Inv rPois Dex+4} (Okawaru gifted it to you on level 1 of the Swamp)
 18737 | Swamp:1  | Noticed Frances
 18750 | Swamp:1  | Killed Frances
 19306 | Swamp:2  | Reached skill level 10 in Armour
 19404 | Swamp:2  | Noticed a green very ugly thing
 19417 | Swamp:2  | Killed a green very ugly thing
 19417 | Swamp:2  | Reached XP level 15. HP: 86/86 MP: 17/17
 19704 | Swamp:2  | You fall through a shaft!
 20146 | Swamp:3  | Noticed Kairos's ghost (journeyman VSFi)
 20175 | Swamp:3  | Killed Kairos's ghost
 20233 | Swamp:3  | Reached skill level 10 in Fighting
 20267 | Swamp:3  | Received a gift from Okawaru
 20268 | Swamp:3  | Found the +8 storm bow {elec}
 20524 | Swamp:3  | Reached skill level 5 in Dodging
 20862 | Swamp:4  | Entered Level 4 of the Swamp
 21084 | Swamp:4  | Noticed a thorn hunter
 21201 | Swamp:3  | Killed a thorn hunter
 21201 | Swamp:3  | Received a gift from Okawaru
 21390 | Swamp:4  | Noticed a thorn hunter
 21431 | Swamp:4  | Killed from afar by a thorn hunter

Vault maps used:
D:1:      ldierk_water_garden, kennysheep_nondescript,
          hangedman_abyss_or_decor_stabs
D:2:      grunt_temple_overflow_open, serial_forest, infiniplex_forest_zigzag_1,
          infiniplex_forest_clump_diagonal, infiniplex_forest_lined_room_3,
          infiniplex_forest_straight_4, infiniplex_forest_lined_2,
          infiniplex_forest_clump_cross, infiniplex_forest_corner_1,
          infiniplex_forest_corner_1, infiniplex_forest_lined_3,
          infiniplex_forest_straight_1, kennysheep_generic_room_3
D:3:      kennysheep_big_flooded_room, uniq_crazy_yiuf_cottage, uniq_sigmund
D:4:      first_ration, uniq_ijyb, uniq_eustachio
D:5:      kennysheep_slugbush
D:6:      serial_shops, nicolae_shop_crystal
D:7:      wad_crossroads, minmay_temple_entry_enclosed_plants, enter_bailey_8,
          uniq_joseph
D:8:      serial_shops, shop, uniq_grum
D:9:      cheibrodos_iron_armory, nicolae_ru_the_path_less_chosen,
          lemuel_crystal_altar
D:10:     grunt_lair_entry_orc_guard_hut, basic_altar
D:11:     basic_altar, grunt_ogre_cave, uniq_sonja
Temple:   minmay_temple_curvy_branch
Lair:1:   grunt_megastairs_2
Lair:2:   minmay_swamp_entry_eels, grunt_megastairs_1, serial_bayou_shore_b
Lair:3:   minmay_snake_entry_guardpost_small, gammafunk_lair_bear_cave,
          uniq_rupert
Lair:4:   lemuel_fruit_fields
Lair:5:   basic_altar
Lair:6:   grunt_lair_end_beastmaster, slime_altar_1, minivault_25,
          serial_bayou_lagoon_a, uniq_nessos
Swamp:1:  nicolae_swamp_dense_foliage, uniq_frances
Swamp:2:  wheals_swamp_sinkhole, infiniplex_staircase_pool
Swamp:3:  evilmike_swamp_ruin_house_6
Swamp:4:  grunt_swamp_rune_castle, uniq_louise
Bailey:   bailey_axe_bossmonster_kennysheep, bailey

Skill      XL: |  1  2  3  4  5  6  7  8  9 10 11 12 13 14 15 |
---------------+----------------------------------------------+-----
Shields        | 3 4 5 6 7 8 9 10 11 | 11.9
Axes           | 2 3 4 5 7 8 10 | 10.7
Fighting       | 3 4 5 6 7 8 9 10 | 10.5
Armour         | 3 4 5 6 8 9 10 | 10.8
Dodging        | 1 2 3 4 5 |  5.1
Stealth        | 1 2 3 4 |  4.1
Maces & Flails | 3 7 9 11 | 11.4
Invocations    | 1 2 |  2.1
Evocations     | |  0.8

Action                   |  1- 3 |  4- 6 |  7- 9 | 10-12 | 13-15 || total
-------------------------+-------+-------+-------+-------+-------++-------
Melee: War axe           |   124 |    91 |   382 |    34 |       ||   631
       Bite              |    19 |    31 |   130 |   288 |   584 ||  1052
       Broad axe         |       |       |       |   294 |    24 ||   318
       Morningstar       |       |       |       |   510 |   542 ||  1052
       Executioner's axe |       |       |       |       |    41 ||    41
       Demon whip        |       |       |       |       |   441 ||   441
Invok: Heroism           |       |       |       |    19 |    11 ||    30
       Finesse           |       |       |       |       |     2 ||     2
 Abil: Blink             |       |     1 |       |       |       ||     1
Evoke: Wand              |       |       |     1 |     6 |       ||     7
  Use: Scroll            |       |     2 |     7 |     7 |     7 ||    23
       Potion            |       |     1 |       |     6 |       ||     7
 Stab: Sleeping          |       |       |     3 |     3 |       ||     6
       Distracted        |       |       |       |     2 |       ||     2
       Confused          |       |       |       |       |     2 ||     2
  Eat: Chunk             |     1 |     2 |     9 |    13 |    18 ||    43
       Ration            |       |     1 |       |     6 |     1 ||     8
Armor: Scale mail        |    23 |       |       |       |       ||    23
       Ring mail         |    19 |    50 |   202 |   175 |       ||   446
       Skin              |       |       |       |    10 |       ||    10
       Plate armour      |       |       |       |   199 |   618 ||   817
       Chain mail        |       |       |       |       |     3 ||     3
Dodge: Dodged            |    45 |    36 |   162 |   329 |   338 ||   910
Block: Shield            |    60 |    47 |   215 |   573 |   685 ||  1580

Table legend:
 A = Spawn XP
 B = Non-spawn XP
 C = Spawn XP percentage of total XP
 D = Spawn monster count
 E = Non-spawn monster count
 F = Spawn count percentage of total count
 G = Total turns spent on level
                    A         B        C        D         E        F      G
               +---------+---------+-------+---------+---------+-------+---------
         Total |       0 |  117472 |   0.0 |       0 |     560 |   0.0 | 21431
               +---------+---------+-------+---------+---------+-------+---------
           D:1 |       0 |      36 |   0.0 |       0 |      27 |   0.0 |  1036
           D:2 |       0 |      66 |   0.0 |       0 |      25 |   0.0 |   773
           D:3 |       0 |     522 |   0.0 |       0 |      23 |   0.0 |  1119
           D:4 |       0 |     867 |   0.0 |       0 |      38 |   0.0 |   755
           D:5 |       0 |     687 |   0.0 |       0 |      20 |   0.0 |   575
           D:6 |       0 |    1532 |   0.0 |       0 |      29 |   0.0 |  1113
           D:7 |       0 |    1806 |   0.0 |       0 |      33 |   0.0 |  1233
           D:8 |       0 |     989 |   0.0 |       0 |      17 |   0.0 |   788
           D:9 |       0 |    2736 |   0.0 |       0 |      27 |   0.0 |  2303
          D:10 |       0 |    4832 |   0.0 |       0 |      41 |   0.0 |  1341
          D:11 |       0 |      40 |   0.0 |       0 |       1 |   0.0 |    35
        Lair:1 |       0 |    3955 |   0.0 |       0 |      14 |   0.0 |  1000
        Lair:2 |       0 |    3739 |   0.0 |       0 |      19 |   0.0 |   964
        Lair:3 |       0 |    6700 |   0.0 |       0 |      16 |   0.0 |  1169
        Lair:4 |       0 |    9902 |   0.0 |       0 |      31 |   0.0 |  1111
        Lair:5 |       0 |    6929 |   0.0 |       0 |      23 |   0.0 |   713
        Lair:6 |       0 |   18158 |   0.0 |       0 |      44 |   0.0 |  1388
       Swamp:1 |       0 |   17624 |   0.0 |       0 |      28 |   0.0 |   994
       Swamp:2 |       0 |    8555 |   0.0 |       0 |      22 |   0.0 |   832
       Swamp:3 |       0 |   18061 |   0.0 |       0 |      42 |   0.0 |  1150
       Swamp:4 |       0 |    7756 |   0.0 |       0 |      19 |   0.0 |   312
        Bailey |       0 |    1980 |   0.0 |       0 |      21 |   0.0 |   605
               +---------+---------+-------+---------+---------+-------+---------
